 Dungeon Crawl Stone Soup version 0.25-a0-404-gc1b5a34292 (webtiles) character file.

Game seed: 11138741909242505511, levelgen mode: deterministic

266 DeadFury222 the Cleaver (level 6, -1/53 HPs)
             Began as a Hill Orc Monk on Jan 9, 2020.
             Was a Believer of Beogh.
             Slain by an ogre
             ... wielding a cursed -2 giant club
              (26 damage)
             ... on level 3 of the Dungeon on Jan 10, 2020.
             The game lasted 00:34:21 (4903 turns).

DeadFury222 the Cleaver (Hill Orc Monk)             Turns: 4903, Time: 00:34:21

Health: -1/53      AC:  4    Str: 16    XL:     6   Next: 20%
Magic:  6/6        EV: 13    Int: 10    God:    Beogh [**....]
Gold:   230        SH:  0    Dex: 16    Spells: 5/5 levels left

rFire    . . .     SeeInvis .   a - +0 hand axe
rCold    . . .     Gourm    .   (no shield)
rNeg     . . .     Faith    .   b - +0 robe
rPois    .         Spirit   .   k - +0 helmet (curse)
rElec    .         Reflect  .   m - +0 cloak
rCorr    .         Harm     .   (no gloves)
MR       .....                  (no boots)
Stlth    ++........             (no amulet)
HPRegen  0.17/turn              p - +3 ring of dexterity
MPRegen  0.10/turn              (no ring)

@: no status effects
A: no striking features
a: Smiting, Renounce Religion


You were on level 3 of the Dungeon.
You worshipped Beogh.
Beogh was pleased with you.
You were not hungry.

You visited 1 branch of the dungeon, and saw 4 of its levels.

You collected 230 gold pieces.

Inventory:

Hand Weapons
 a - a +0 hand axe (weapon)
Armour
 b - a +0 robe (worn)
 k - a cursed +0 helmet (worn)
 m - a +0 cloak (worn)
Jewellery
 p - a +3 ring of dexterity (left hand)
Scrolls
 d - a scroll of magic mapping {unknown}
 e - a scroll of amnesia {unknown}
 f - 2 scrolls of teleportation {unknown}
 i - a scroll of noise {unknown}
 o - 2 scrolls of remove curse {unknown}
Potions
 g - a potion of cancellation {unknown}
 j - a potion of agility
Comestibles
 c - a ration


   Skills:
 + Level 4.7 Fighting
 * Level 8.1 Axes
 - Level 2.5 Dodging
 - Level 1.6 Stealth


You had 5 spell levels left.
You didn't know any spells.
Your spell library was empty.

Dungeon Overview and Level Annotations

Branches:
Dungeon (4/15)
 Temple: D:4-7

Altars:
Hepliaklqana
Makhleb
Xom

Annotations:
D:4 2 transporters, pentaxis93's ghost, amateur TeAE


Message History

You hit the ogre.
The ogre is moderately wounded.
The ogre hits you but does no damage.
You hit the ogre.
The ogre is moderately wounded.
The ogre closely misses you.
You hit the ogre but do no damage.
The ogre is moderately wounded.
You hit the ogre but do no damage.
The ogre is moderately wounded.
The ogre hits you with a cursed -2 giant club!
You completely miss the ogre.
The ogre is moderately wounded.
The ogre hits you with a cursed -2 giant club!
You hit the ogre.
The ogre is moderately wounded.
You hit the ogre.
The ogre is heavily wounded.
The ogre hits you with a cursed -2 giant club!!
You die...

#.########.#.####.#####.# #.#
#.#.# #.# #.# #.# #.#.# #.# #.#
#.# #.#.##########.### #.#
#.#..............# ####.#####
#.############.#.####
........>####.#.................#
####.###.................#.#..###
####.# #..###...@O.....#.#.#..#
...#.###..##.............#.#..#
.#.#..)).........#####.###(#..#
...#####..##...........# #.#..#
#..# #..###.############.#..#
#..# #..##...............#..#
##.# #..##..##############..#
#.## #..##..# #..# #..# #..##..#
###########..#


You could see an ogre.

Vanquished Creatures
  A phantom (D:3)
  2 worker ants (D:4)
  A hound skeleton (D:4)
  3 adders
  3 worms
  4 dart slugs
  6 orcs
  3 ball pythons
  A giant cockroach (D:2)
  6 goblins
  5 hobgoblins
  7 jackals
  2 quokkas
  8 bats
  5 frilled lizards
  4 kobolds
  13 rats
74 creatures vanquished.

Notes
Turn   | Place    | Note
-------+----------+-------------------------------------------
     0 | D:1      | DeadFury222 the Hill Orc Monk began the quest for the Orb.
     0 | D:1      | Reached XP level 1. HP: 19/19 MP: 1/1
   145 | D:1      | Reached XP level 2. HP: 22/27 MP: 2/2
  1100 | D:2      | Reached XP level 3. HP: 32/33 MP: 3/3
  1130 | D:2      | Found a hazy altar of Hepliaklqana.
  1206 | D:2      | Reached skill level 5 in Axes
  1356 | D:2      | Found a burning altar of Makhleb.
  1997 | D:3      | Became a worshipper of Beogh the Brigand
  1997 | D:3      | Reached * piety under Beogh
  1997 | D:3      | Reached ** piety under Beogh
  2002 | D:3      | Upgraded the game from 0.25-a0-403-g49d089a364 to
                  | 0.25-a0-404-gc1b5a34292
  2090 | D:3      | Found a shimmering altar of Xom.
  2180 | D:3      | Reached XP level 4. HP: 36/41 MP: 4/4
  2652 | D:3      | Reached skill level 6 in Axes
  3272 | D:4      | Got a warped dagger
  3273 | D:4      | Identified the +2 dagger "Meops" {venom, Int+6} (You found
                  | it on level 4 of the Dungeon)
  3307 | D:4      | Reached XP level 5. HP: 41/47 MP: 5/5
  3313 | D:4      | Noticed a phantom
  3562 | D:4      | Noticed pentaxis93's ghost (amateur TeAE)
  3717 | D:4      | Found a transporter.
  3728 | D:4      | Found a transporter.
  3748 | D:4      | Reached skill level 7 in Axes
  4140 | D:4      | Noticed an ogre
  4579 | D:3      | Killed a phantom
  4579 | D:3      | Reached skill level 8 in Axes
  4579 | D:3      | Reached XP level 6. HP: 14/53 MP: 6/6
  4903 | D:3      | Slain by an ogre

Levels and vault maps discovered:
D:1:      matt_arrival_los_fun, layout_basic
D:2:      layout_loops_cross, lemuel_doored_altar,
          nicolae_overflow_crystal_walls
D:3:      layout_basic, xom_teletrap_fun
D:4:      layout_loops_cross, gammafunk_ghost_arena, first_ration

Skill      XL: |  1  2  3  4  5 |
---------------+----------------+-----
Fighting       | 4 |  4.7
Axes           | 5 6 8 |  8.1
Dodging        | |  2.5
Stealth        | |  1.6

Action                   |  1- 3 |  4- 6 || total
-------------------------+-------+-------++-------
Melee: Hand axe          |   150 |   162 ||   312
       Dagger            |       |     9 ||     9
Invok: Convert to Beogh  |     1 |       ||     1
  Use: Scroll            |     2 |     5 ||     7
       Potion            |       |     2 ||     2
 Stab: Sleeping          |     7 |       ||     7
  Eat: Ration            |     2 |     2 ||     4
Armor: Robe              |    37 |    32 ||    69
Dodge: Dodged            |    69 |    97 ||   166

Table legend:
 A = Non-vault XP
 B = Vault XP
 C = Vault XP percentage of total XP
 D = Non-vault monster count
 E = Vault monster count
 F = Vault count percentage of total count
                 A         B        C        D         E       F
            +---------+---------+-------+---------+---------+-------
      Total |     381 |       0 |   0.0 |      74 |       0 |   0.0
            +---------+---------+-------+---------+---------+-------
        D:1 |      32 |       0 |   0.0 |      20 |       0 |   0.0
        D:2 |      21 |       0 |   0.0 |      12 |       0 |   0.0
        D:3 |     198 |       0 |   0.0 |      30 |       0 |   0.0
        D:4 |     130 |       0 |   0.0 |      12 |       0 |   0.0
            +---------+---------+-------+---------+---------+-------
